 Dungeon Crawl Stone Soup version 0.29.1-15-g9cfb28693d (webtiles) character file.

Game seed: 17237103754734344935

54 BuddhaDhamma the Chopper (level 3, 0/31 HPs)
             Began as a Minotaur Berserker on Mar 24, 2023.
             Was a Believer of Trog.
             Succumbed to an adder's poison
             ... on level 2 of the Dungeon.
             The game lasted 00:01:22 (1293 turns).

BuddhaDhamma the Chopper (Minotaur Berserker)       Turns: 1293, Time: 00:01:22

Health: 0/31       AC:  2    Str: 23    XL:     3   Next: 66%
Magic:  2/2        EV: 12    Int:  4    God:    Trog [**....]
Gold:   30         SH:  0    Dex:  9    Spells: 2/2 levels left

rFire   . . .      SeeInvis .   a - +0 hand axe
rCold   . . .      Faith    .   (no shield)
rNeg    . . .      Spirit   .   b - +0 animal skin
rPois   .          Reflect  .   (helmet restricted)
rElec   .          Harm     .   (no cloak)
rCorr   .          Rampage  .   (no gloves)
Will    .....                   (no boots)
Stlth   +.........              (no amulet)
HPRegen 0.10/turn               (no ring)
MPRegen 0.08/turn               (no ring)

@: lethally poisoned (0 -> -1)
A: horns 2, retaliatory headbutt
a: Renounce Religion, Berserk, Trog's Hand


You were on level 2 of the Dungeon.
You worshipped Trog.
Trog was pleased with you.
You visited 1 branch of the dungeon, and saw 2 of its levels.

You collected 30 gold pieces.

Inventory:

Hand Weapons
 a - a +0 hand axe (weapon)
Armour
 b - a +0 animal skin (worn)
Scrolls
 d - 2 scrolls of identify {unknown}
Potions
 c - 2 potions of might {unknown}
 e - 2 potions of lignification {unknown}


   Skills:
 - Level 3.6 Fighting
 + Level 5.7 Axes
 - Level 2.4 Armour
 - Level 2.1 Dodging


You had 2 spell levels left.
You didn't know any spells.
Your spell library was empty.

Dungeon Overview and Level Annotations

Branches:
Dungeon (2/15)

Altars:


Innate Abilities, Weirdness & Mutations

You have a pair of horns on your head.
You reflexively headbutt those who attack you in melee.


Message History

You feel sick.
You are no longer poisoned.
The jackal bites you.
* * * LOW HITPOINT WARNING * * *
The jackal bites you but does no damage.
You slash the jackal!
You kill the jackal!
Trog accepts your kill. The adder closely misses you.
You miss the adder. The adder closely misses you. You furiously retaliate!
You headbutt the adder. You barely miss the adder.
The adder is lightly wounded.
The adder bites you.
* * * LOW HITPOINT WARNING * * *
You are lethally poisoned!
The adder poisons you!
You barely miss the adder.
The adder is lightly wounded.
* * * LOW HITPOINT WARNING * * *
You feel sick.
The adder barely misses you. x2; You furiously retaliate!
You headbutt the adder. You hit the adder. Your headbutt misses the adder.
The adder is heavily wounded.
* * * LOW HITPOINT WARNING * * *
You feel sick. The adder bites you but does no damage.
You hit the adder. Your headbutt misses the adder.
The adder is severely wounded.
* * * LOW HITPOINT WARNING * * *
You feel sick. The adder barely misses you.
You slash the adder!
You kill the adder!
Trog accepts your kill.
* * * LOW HITPOINT WARNING * * *
You feel sick.
The jackal bites you but does no damage.
You hit the jackal.
You kill the jackal!
Trog accepts your kill.
You die...

#.........# #.####.##.#
#.# #.##.# #.# #.##.#
##.####.##.# ######
#.......##.#
.....###..#######.#
#.######...##.)# #.#
#..>.b.@.......## #.#
#.######........######.#
##.#.###........# #....#
#.######## #..#.# #.#
.......... #...###.###
#...# #.# #...# # #


You could see a bat.

Vanquished Creatures
  2 adders (D:2)
  A worm (D:2)
  2 ball pythons
  2 endoplasms (D:1)
  2 giant cockroaches (D:1)
  3 goblins
  4 hobgoblins
  5 jackals
  A quokka (D:1)
  3 bats
  3 frilled lizards (D:1)
  A kobold (D:1)
  3 rats
32 creatures vanquished.

Notes
Turn   | Place    | Note
-------+----------+-------------------------------------------
     0 | D:1      | BuddhaDhamma the Minotaur Berserker began the quest for the
                  | Orb.
     0 | D:1      | Reached XP level 1. HP: 19/19 MP: 0/0
   214 | D:1      | Reached skill level 4 in Axes
   405 | D:1      | Found a faded altar of an unknown god.
   424 | D:1      | Reached XP level 2. HP: 26/26 MP: 1/1
  1068 | D:2      | Reached skill level 5 in Axes
  1171 | D:2      | Reached XP level 3. HP: 23/31 MP: 2/2
  1252 | D:2      | Reached ** piety under Trog
  1292 | D:2      | HP: 1/31 [poisoned by an adder]
  1293 | D:2      | Succumbed to an adder's poison

Illustrated notes

Levels and vault maps discovered:
D:1:      amcnicky_arrival_underground_garden, layout_basic,
          hellmonk_ecumenical_altar_run_dry, nrook_mini_vaults, chequers_avenue
D:2:      layout_loops_ring, serial_shops,
          nicolae_shop_competitors_out_of_business, shop,
          nicolae_lakefront_shop, nicolae_shop_hallway_plus, shop,
          minmay_cut_off

Skill      XL: |  1  2 |
---------------+-------+-----
Axes           | 4 5 |  5.7
Fighting       | |  3.6
Armour         | |  2.4
Dodging        | |  2.1

Action                   || total
-------------------------++-------
Melee: Hand axe          ||    63
       Headbutt          ||    11
       Punch             ||     1
 Stab: Sleeping          ||     1
Armor: Animal skin       ||     8
Dodge: Dodged            ||    35
